 Dungeon Crawl Stone Soup version 0.16-a0-2675-g216447c (console) character file.

109 nht the Cudgeler (level 4, -1/48 HPs)
             Began as an Ogre Berserker on Nov 24, 2014.
             Was a Priest of Trog.
             Slain by a sky beast (3 damage)
             ... on level 3 of the Dungeon.
             The game lasted 00:02:41 (2143 turns).

nht the Cudgeler (Ogre Berserker)                   Turns: 2143, Time: 00:02:41

Health: -1/48      AC:  3    Str: 23    XL:     4   Next: 90%
Magic:  4/4        EV: 10    Int:  6    God:    Trog [***...]
Gold:   63         SH:  0    Dex:  9    Spells: 0 memorised, 3 levels left

rFire  . . .     SeeInvis .     a - +0 mace
rCold  . . .     Clarity  .     b - +0 animal skin
rNeg   . . .     SustAb   .     (shield restricted)
rPois  .         Gourm    .     (helmet restricted)
rElec  .         Spirit   .     (no cloak)
rCorr  .         Warding  .     (gloves unavailable)
rMut   .         Stasis   .     (boots unavailable)
MR     .....                    (no amulet)
Stlth  ++........               (no ring)
                                n - ring of stealth

@: exhausted, slowed, very slow, not resistant to hostile enchantments,
unstealthy
A: unfitting armour, tough skin 1
a: Burn Spellbooks, Berserk, Trog's Hand, Renounce Religion


You were on level 3 of the Dungeon.
You worshipped Trog.
Trog was most pleased with you.
You were very hungry.

You visited 1 branch of the dungeon, and saw 3 of its levels.

You collected 63 gold pieces.

Inventory:

Hand weapons
 a - a +0 mace (weapon)
Armour
 b - a +0 animal skin (worn)
Jewellery
 n - a ring of stealth (left hand)
Scrolls
 e - 2 scrolls of remove curse {unknown}
 f - a scroll of fog {unknown}
 g - 5 scrolls of identify {unknown}
 k - a scroll of blinking {unknown}
 l - 2 scrolls of teleportation {unknown}
 p - a scroll of immolation {unknown}
Potions
 i - a potion of magic
 j - a potion of cancellation
 m - a potion of curing
 q - a potion of agility {unknown}
Comestibles
 c - a meat ration
 d - a royal jelly
 h - 2 beef jerkies
 o - 6 fruits


   Skills:
 - Level 4.0 Fighting
 + Level 7.2 Maces & Flails
 - Level 1.5 Armour
 - Level 1.7 Dodging


You had 3 spell levels left.
You didn't know any spells.

Dungeon Overview and Level Annotations

Branches:
Dungeon (3/15)

Altars:
Cheibriados


Innate Abilities, Weirdness & Mutations

You are too large for most types of armour.
You have tough skin (AC +1).


Message History

The sky beast is almost dead.
You are no longer berserk.
You are exhausted.
You feel yourself slow down.
You are feeling very hungry.
The sky beast hits you. The sky beast shocks you.
* * * LOW HITPOINT WARNING * * *
You hit the sky beast but do no damage.
The sky beast is almost dead.
The sky beast flickers out of sight!
Deactivating autopickup; reactivate with Ctrl-A.
Something hits you but does no damage.
A sky beast appears from thin air!
Reactivating autopickup.
The sky beast hits you.
* * * LOW HITPOINT WARNING * * *
The sky beast shocks you.
* * * LOW HITPOINT WARNING * * *
Drink which item? (? for menu, Esc to quit)
Magic courses through your body.
It was a potion of magic.
The sky beast hits you.
You die...

... . ........ .....
......... ...... █
..≈≈...... ...≈≈..
.██..≈..........≈..██
...................██
█.█.....≈..........█
█......≈█≈.........'
█.@Y.█ █.........█
█.█.██ ██.......██
█.███ ██.....██ █.█
██...██ █.█


██'██ █.█ █.█ █.█ █)█ █.█ ██.██ █.█ ██...██ █.█████████.....█ █........███...██
You could see a sky beast.

Vanquished Creatures
  Ijyb (D:2)
  Robin (D:2)
  2 adders
  A worm (D:2)
  2 oozes
  5 bats
  13 goblins
  9 hobgoblins
  8 kobolds
  A quokka (D:3)
  2 ball pythons (D:1)
  4 giant newts
  6 rats
55 creatures vanquished.

Notes
Turn   | Place    | Note
--------------------------------------------------------------
     0 | D:1      | nht, the Ogre Berserker, began the quest for the Orb.
     0 | D:1      | Reached XP level 1. HP: 24/24 MP: 1/1
   168 | D:1      | Reached XP level 2. HP: 29/32 MP: 2/2
   336 | D:1      | Reached skill level 5 in Maces & Flails
   487 | D:1      | Acquired Trog's second power
  1111 | D:2      | Noticed Robin
  1121 | D:2      | Reached XP level 3. HP: 36/39 MP: 3/3
  1126 | D:2      | Killed Robin
  1163 | D:2      | Found a snail-covered altar of Cheibriados.
  1179 | D:2      | Reached skill level 6 in Maces & Flails
  1426 | D:2      | Reached XP level 4. HP: 40/48 MP: 4/4
  1754 | D:2      | Noticed Ijyb
  1767 | D:2      | Killed Ijyb
  2010 | D:3      | Reached skill level 7 in Maces & Flails
  2126 | D:3      | Noticed a sky beast
  2142 | D:3      | HP: 2/48 [sky beast (6)]
  2143 | D:3      | Slain by a sky beast

Action                   |  1- 3 |  4- 6 || total
-------------------------+-------+-------++-------
Melee: Mace              |   100 |    73 ||   173
Invok: Berserk           |     2 |     2 ||     4
  Use: Potion            |     3 |     1 ||     4
 Stab: Sleeping          |       |     3 ||     3
  Eat: Chunk             |     3 |     4 ||     7
